 Dungeon Crawl Stone Soup version 0.30.1-9-gdf580d7c3d (webtiles) character file.

Game seed: 6547250712369802853

607 sizableburger the Chiller (level 7, -7/52 HPs)
             Began as a Ghoul Ice Elementalist on Oct 5, 2023.
             Mangled by Duvessa
             ... wielding a +0 rapier of speed
              (9 damage)
             ... on level 5 of the Dungeon.
             The game lasted 00:11:42 (4089 turns).

sizableburger the Chiller (Ghoul Ice Elementalist)  Turns: 4089, Time: 00:11:43

Health: -7/52      AC: 10    Str: 11 (12) XL:     7   Next: 43%
Magic:  9/22       EV: 11    Int: 10 (12) God:
Gold:   150        SH:  0    Dex:  7 (9)  Spells: 4/15 levels left

rFire   . . .        l - staff of cold
rCold   + + .        (no shield)
rNeg    + + +        a - +1 robe
rPois   ∞            (no helmet)
rElec   .            (no cloak)
rCorr   .            d - +0 pair of gloves
SInv    .            (no boots)
Will    .....        m - amulet of magic regeneration
Stlth   ++           g - ring of magical power
HPRegen 0.00/turn    o - +4 ring of slaying
MPRegen 0.58/turn

%: no passive effects
@: ice-armoured, freezing walls, very slightly contaminated, inhibited regen
A: claws 1, cold resistance 1, negative energy resistance 3, inhibited
regeneration, torment resistance 2, devour on kill
a: no special abilities


You were on level 5 of the Dungeon.
You visited 1 branch of the dungeon, and saw 5 of its levels.

You collected 150 gold pieces.

Inventory:

Armour
 a - a +1 robe (worn)
 d - a +0 pair of gloves (worn)
Magical Staves
 l - a staff of cold (weapon)
Jewellery
 g - a ring of magical power (left hand)
 i - an amulet of faith
 m - an amulet of magic regeneration (around neck)
 o - a +4 ring of slaying (right hand)
Wands
 k - a wand of flame (22)
 q - a wand of charming (8)
Scrolls
 e - 3 scrolls of noise
 h - a scroll of enchant weapon
 j - a scroll of vulnerability {unknown}
 p - a scroll of teleportation
 r - a scroll of identify {unknown}
Potions
 b - 2 potions of magic
 c - a potion of lignification {unknown}
 n - a potion of invisibility
 s - a potion of curing {unknown}


   Skills:
 - Level 1.0 Fighting
 - Level 1.7 Dodging
 - Level 2.1 Stealth
 + Level 4.8 Spellcasting
 + Level 4.0 Summonings
 - Level 5.3 Ice Magic


You had 4 spell levels left.
You knew the following spells:

 Your Spells              Type           Power      Damage    Failure   Level
a - Freeze                Ice            76%        1d8       2%          1
b - Frozen Ramparts       Ice            38%        1d6       8%          3
c - Summon Ice Beast      Ice/Summ       17%        N/A       34%         4
d - Ozocubu's Armour      Ice            19%        N/A       8%          3

Your spell library contained the following spells:

 Spells                   Type           Power      Damage    Failure   Level
 Summon Forest            Summ/Tloc      3%         N/A       96%         5
 Summon Mana Viper        Hex/Summ       6%         N/A       96%         5
 Summon Cactus Giant      Summ           5%         N/A       100%        6


Dungeon Overview and Level Annotations

Branches:
Dungeon (5/15)
 Temple: D:4-7

Altars:
Ashenzari
Nemelex Xobeh

Shops:
D:2 (

Annotations:
D:3 Grinder
D:5 Duvessa


Innate Abilities, Weirdness & Mutations

You are immune to poison.
You have sharp fingernails.
Your flesh is cold resistant. (rC+)
You are immune to negative energy. (rN+++)
You do not regenerate when monsters are visible.
You are immune to unholy pain and torment.
You thrive by killing the living.


Message History

Unknown command.
Casting: Freeze (safe; 2% risk of failure)
Confirm with . or Enter, or press ? or * to list all spells.
Aiming: Freeze (safe; 2% risk of failure)
Press: ? - help, Shift-Dir - straight line, f/p - Duvessa
Aim: Duvessa, wielding a +0 rapier of speed and wearing a +0 scale mail (heavily wounded, berserk)
You feel a surge of power!
You freeze Duvessa.
Duvessa is heavily wounded.
The wall freezes Duvessa.
Duvessa hits you with a +0 rapier of speed.
The wall freezes Duvessa but does no damage.
Duvessa misses you.
The wall freezes Duvessa but does no damage.
Duvessa hits you with a +0 rapier of speed.
* * * LOW HITPOINT WARNING * * *
Unknown command.
Casting: Freeze (safe; 2% risk of failure)
Confirm with . or Enter, or press ? or * to list all spells.
Aiming: Freeze (safe; 2% risk of failure)
Press: ? - help, Shift-Dir - straight line, f/p - Duvessa
Aim: Duvessa, wielding a +0 rapier of speed and wearing a +0 scale mail (heavily wounded, berserk)
You feel a surge of power!
You freeze Duvessa.
Duvessa is severely wounded.
The wall freezes Duvessa.
Duvessa hits you with a +0 rapier of speed.
* * * LOW HITPOINT WARNING * * *
The wall freezes Duvessa but does no damage.
Duvessa hits you with a +0 rapier of speed!
* * * LOW HITPOINT WARNING * * *
Casting: Freeze (safe; 2% risk of failure)
Confirm with . or Enter, or press ? or * to list all spells.
Aiming: Freeze (safe; 2% risk of failure)
Press: ? - help, Shift-Dir - straight line, f/p - Duvessa
Aim: Duvessa, wielding a +0 rapier of speed and wearing a +0 scale mail (severely wounded, berserk)
You feel a surge of power!
You freeze Duvessa.
Duvessa is severely wounded.
The wall freezes Duvessa.
Duvessa closely misses you.
The wall freezes Duvessa but does no damage.
Duvessa hits you with a +0 rapier of speed!
You die...

###+ ##... #.... #..e.
#... #### ...##
#...###..#####......
#...)@.......+........
#.....e.......#........
##+#########'##.....<..
............# #.. ###
............# #.. ..#
............+ #.. ..#
................# #..
..#
....#####......#####..
..#####
.~~~~~.###+#.........


You could see Duvessa (berserk).

Vanquished Creatures
  A phantom (D:4)
  A kobold brigand (D:5)
  A scorpion (D:5)
  Dowan (D:5)
  Jessica (D:3)
  2 iguanas (D:4)
  Terence (D:3)
  7 adders
  2 ufetubi
  A worm (D:2)
  2 dart slugs
  2 orcs (D:4)
  5 endoplasms
  5 giant cockroaches
  7 hobgoblins
  3 jackals
  5 quokkas
  10 ball pythons
  4 bats
  A frilled lizard (D:1)
  6 goblins
  14 kobolds
  6 rats
88 creatures vanquished.

Vanquished Creatures (collateral kills)
  An ogre (D:5)
  A goblin (D:4)
2 creatures vanquished.

Grand Total: 90 creatures vanquished

Notes
Turn   | Place    | Note
-------+----------+-------------------------------------------
     0 | D:1      | sizableburger the Ghoul Ice Elementalist began the quest
                  | for the Orb.
     0 | D:1      | Reached XP level 1. HP: 14/14 MP: 2/2
   165 | D:1      | Reached XP level 2. HP: 14/22 MP: 0/3
   257 | D:1      | Reached skill level 1 in Fighting
   924 | D:2      | Reached XP level 3. HP: 28/28 MP: 3/5
   928 | D:2      | Learned a level 3 spell: Frozen Ramparts
  1009 | D:2      | Found Nuffa's Weapon Shoppe.
  1143 | D:2      | Reached skill level 5 in Ice Magic
  1412 | D:2      | Reached XP level 4. HP: 32/35 MP: 1/6
  1681 | D:3      | Learned a level 4 spell: Summon Ice Beast
  1830 | D:3      | Noticed Jessica
  1830 | D:3      | Noticed Grinder
  1933 | D:3      | Noticed Terence
  1957 | D:3      | Killed Terence
  1958 | D:3      | Reached skill level 1 in Summonings
  2081 | D:3      | Killed Jessica
  2082 | D:3      | Reached XP level 5. HP: 40/40 MP: 3/8
  2148 | D:3      | Paralysed by Grinder for 3 turns
  2156 | D:3      | Paralysed by Grinder for 2 turns
  2170 | D:3      | Paralysed by Grinder for 3 turns
  2319 | D:3      | Found a faded altar of an unknown god.
  2376 | D:4      | Noticed a phantom
  2775 | D:4      | Found a sparkling altar of Nemelex Xobeh.
  2903 | D:4      | Found a broken altar of Ashenzari.
  2920 | D:4      | Reached XP level 6. HP: 41/47 MP: 9/10
  3256 | D:5      | Entered Level 5 of the Dungeon
  3311 | D:5      | Learned a level 3 spell: Ozocubu's Armour
  3477 | D:5      | Reached XP level 7. HP: 21/52 MP: 12/12
  4076 | D:5      | Noticed Duvessa
  4076 | D:5      | Noticed Dowan
  4085 | D:5      | Killed Dowan
  4088 | D:5      | HP: 2/52 [Duvessa/+0 rapier of speed (8)]
  4089 | D:5      | Mangled by Duvessa

Illustrated notes

Levels and vault maps discovered:
D:1:      minmay_arrival_nine_rooms, layout_basic
D:2:      layout_basic, serial_shops, nicolae_shop_just_a_little_nook
D:3:      layout_rooms, chequers_ecumenical_altar_simple, serial_park_tiny_pond,
          uniq_jessica, uniq_terence, uniq_grinder
D:4:      layout_basic, evilmike_ruin_ashenzari, kennysheep_mini_moat,
          serial_glass, glass_columns_a, glass_columns_b,
          nicolae_figureground_sparkle
D:5:      cheibrodos_thug_alley, layout_gridville, uniq_duvessa

Skill      XL: |  1  2  3  4  5  6  7 |
---------------+----------------------+-----
Fighting       | 1 |  1.0
Spellcasting   | 2 3 4 |  4.8
Ice Magic      | 5 |  5.3
Summonings     | 1 2 3 4 |  4.0
Dodging        | |  1.7
Stealth        | |  2.1

Action                     |  1- 3 |  4- 6 |  7- 9 || total
---------------------------+-------+-------+-------++-------
  Melee: Unarmed           |     9 |       |       ||     9
         Staff             |     5 |    33 |    22 ||    60
         Punch             |       |       |     1 ||     1
   Cast: Freeze            |    56 |    66 |     5 ||   127
         Frozen Ramparts   |       |     9 |     2 ||    11
         Summon Ice Beast  |       |     1 |     1 ||     2
         Ozocubu's Armour  |       |     1 |     1 ||     2
    Use: Scroll            |       |     9 |     2 ||    11
         Potion            |       |     4 |       ||     4
   Stab: Distracted        |       |     1 |       ||     1
 Armour: Robe              |     8 |    21 |    14 ||    43
  Dodge: Dodged            |    36 |    59 |    20 ||   115
